 Dungeon Crawl Stone Soup version 0.23.2-33-g5129a83184 (webtiles) character file.

Game seed: 5062857750634661624

1412 DorianNounverber the Digger (level 8, 0/48 HPs)
             Began as a Gargoyle Earth Elementalist on July 15, 2019.
             Slain by an orc
             ... wielding the +10 whip "Meask" {freeze, Dex+2}
              (1 damage)
             ... on level 5 of the Dungeon.
             The game lasted 00:22:04 (6267 turns).

DorianNounverber the Digger (GrEE)                  Turns: 6267, Time: 00:22:05

Health: 0/48       AC: 11    Str: 13    XL:     8   Next: 70%
Magic:  5/16       EV: 12    Int: 17    God:
Gold:   360        SH:  0    Dex: 10    Spells: 4/18 levels left

rFire    . . .     SeeInvis .   D - +3 quarterstaff (crush)
rCold    . . .     Gourm    .   (shield currently unavailable)
rNeg     + . .     Faith    .   w - +3 leather armour
rPois    ∞         Spirit   .   (no helmet)
rElec    +         Reflect  .   (no cloak)
rCorr    .         Harm     .   (no gloves)
MR       .....                  (no boots)
Stlth    ++........             H - amulet of magic regeneration
HPRegen  0.16/turn              (no ring)
MPRegen  0.40/turn              (no ring)

@: no status effects
A: negative energy resistance 1, electricity resistance, unbreathing,
petrification resistance, rot immunity, AC +5
a: no special abilities


You were on level 5 of the Dungeon.
You were not hungry.

You visited 1 branch of the dungeon, and saw 5 of its levels.

You collected 360 gold pieces.

Inventory:

Hand Weapons
 q - a +0 flail of venom
 v - a +2 flail of protection
 D - a +3 quarterstaff of crushing (weapon)
Missiles
 h - 9 tomahawks
 n - 28 stones (quivered)
Armour
 c - a +0 robe
 w - a +3 leather armour (worn)
Jewellery
 m - an uncursed amulet of guardian spirit
 H - an amulet of magic regeneration (around neck)
Wands
 b - a wand of polymorph (4)
 y - a wand of clouds (6)
 F - a wand of random effects (18)
Scrolls
 a - 2 scrolls of remove curse
 e - 3 scrolls of identify
 f - 4 scrolls of magic mapping {unknown}
 g - 2 scrolls of blinking {unknown}
 l - 3 scrolls of teleportation
 s - 2 scrolls of enchant weapon {unknown}
 z - a scroll of noise {unknown}
 B - a scroll of enchant armour {unknown}
 C - a scroll of fear {unknown}
Potions
 i - 2 potions of invisibility {unknown}
 j - a potion of agility {unknown}
 o - a potion of heal wounds {unknown}
 p - 2 potions of might {unknown}
 r - a potion of flight {unknown}
 t - 2 potions of haste {unknown}
 u - a potion of berserk rage {unknown}
 x - 2 potions of curing {unknown}
 A - a potion of cancellation {unknown}
 E - a potion of brilliance {unknown}
 G - 2 potions of ambrosia {unknown}
Comestibles
 d - 2 rations


   Skills:
 + Level 4.1 Fighting
 - Level 1.5(2.0) Maces & Flails
 + Level 1.7(2.1) Staves
 + Level 3.5 Dodging
 - Level 2.1 Stealth
 * Level 5.5 Spellcasting
 + Level 1.2 Conjurations
 - Level 0.7 Transmutations
 * Level 7.6 Earth Magic
 + Level 1.0 Evocations


You had 4 spell levels left.
You knew the following spells:

 Your Spells              Type           Power        Failure   Level  Hunger
a - Sandblast             Erth           ####..       1%          1    None
b - Stone Arrow           Conj/Erth      ###...       9%          3    ##.....
c - Petrify               Tmut/Erth      ###.....     30%         4    ####...
d - Lee's Rapid Deconstr  Erth           ####......   21%         5    ######.
e - Shock                 Conj/Air       #...         13%         1    None

Your spell library contained the following spells:

 Spells                   Type           Power        Failure   Level  Hunger
 Passwall                 Tmut/Erth      ###.....     4%          2    #......
 Swiftness                Chrm/Air       #.......     26%         2    #......
 Static Discharge         Conj/Air       #.......     36%         3    ##.....
 Airstrike                Air            #.........   86%         4    ####...
 Lightning Bolt           Conj/Air       #.........   98%         5    ######.


Dungeon Overview and Level Annotations

Branches:
Dungeon (5/15)
 Temple: D:4-7

Altars:
Makhleb
Uskayaw
Beogh


Innate Abilities, Weirdness & Mutations

You are resistant to torment.
Your stone body is resilient. (AC +5)
You are immune to poison.
You resist negative energy. (rN+)
You are resistant to electric shocks. (rElec)
You can survive without breathing.
You are immune to petrification.
You are immune to rotting.


Message History

The orc is almost dead.
n - 29 stones The orc barely misses you.
Casting: Sandblast (safe; 1% risk of failure)
Confirm with . or Enter, or press ? or * to list all spells.
Aiming: Sandblast (safe; 1% risk of failure)
Press: ? - help, Shift-Dir - straight line, f/p - orc
Aim: an orc, wielding the +10 whip "Meask" {freeze, Dex+2} and wearing the +12 chain mail "Atwighech" {MR+ Int+4 Dex+4} (almost dead)
The blast of sand misses the orc.
n - 28 stones The orc barely misses you.
Casting: Sandblast (safe; 1% risk of failure)
Confirm with . or Enter, or press ? or * to list all spells.
Okay, then.
You hit the orc but do no damage.
The orc is almost dead.
The orc hits you with the +10 whip "Meask" {freeze, Dex+2}!
* * * LOW HITPOINT WARNING * * *
The orc freezes you.
You die...

.##...........# #.#.....8
.............## #.#..##..
.>...........# #.#..#8..
.............# #.#..##..
.............# #.#.#....
........>...#######.'.#...[
.##..##.....##..##..'.#.8._
.##..##.....##..)o).'.#...$
.##..##.........@##.#.#...)
.##..##..........##.#..##..
.....##.....##...##.#..#8..######
.##..##.....##..###.#..##..#.....
.##..#..........###.#.....8#.....
.....#...........##8########.....
.###.##.....##...#####[..........
.##..###.#####..## ##...#######
.##...'......'..#######...##.....


You could see an orc.

Vanquished Creatures
  The ghost of zuik the Poker, a novice MfGl of Makhleb (D:4)
  Sigmund (D:2)
  A phantom (D:1)
  2 ogres
  2 scorpions
  A jelly (D:5)
  A crimson imp (D:3)
  3 orc priests (D:5)
  3 orc wizards (D:5)
  Natasha (thrice) (D:2)
  2 worker ants
  A hound skeleton (D:4)
  4 gnolls (D:2)
  6 adders
  An ooze (D:2)
  3 worms
  2 dart slugs
  5 leopard geckos
  18 orcs
  10 bats
  5 giant cockroaches
  7 goblins
  5 hobgoblins
  15 jackals
  2 quokkas
  3 ball pythons
  8 frilled lizards
  8 kobolds
  7 rats
130 creatures vanquished.

Notes
Turn   | Place    | Note
-------+----------+-------------------------------------------
     0 | D:1      | DorianNounverber the Gargoyle Earth Elementalist began the
                  | quest for the Orb.
     0 | D:1      | Reached XP level 1. HP: 10/10 MP: 3/3
   446 | D:1      | Reached XP level 2. HP: 16/16 MP: 1/5
   733 | D:1      | Reached skill level 4 in Earth Magic
  1098 | D:2      | Reached skill level 1 in Fighting
  1098 | D:2      | Reached XP level 3. HP: 12/20 MP: 0/6
  1228 | D:2      | Noticed Natasha
  1232 | D:2      | Killed Natasha
  1295 | D:2      | Reached XP level 4. HP: 25/25 MP: 8/8
  1378 | D:2      | Noticed Natasha
  1385 | D:2      | Killed Natasha
  1431 | D:2      | Learned a level 3 spell: Stone Arrow
  1436 | D:2      | Learned a level 4 spell: Petrify
  1606 | D:2      | Noticed Sigmund
  1876 | D:2      | Reached XP level 5. HP: 28/30 MP: 5/9
  1961 | D:2      | Reached skill level 5 in Earth Magic
  2148 | D:2      | Noticed a phantom
  2574 | D:1      | Killed a phantom
  2574 | D:1      | Reached XP level 6. HP: 31/36 MP: 2/11
  2843 | D:2      | Killed Sigmund
  2843 | D:2      | Reached skill level 6 in Earth Magic
  3036 | D:2      | Learned a level 5 spell: Lee's Rapid Deconstruction
  3350 | D:2      | Found a burning altar of Makhleb.
  3380 | D:2      | Noticed Natasha
  3386 | D:2      | Killed Natasha
  3413 | D:2      | Reached XP level 7. HP: 40/40 MP: 13/13
  3751 | D:3      | Reached skill level 1 in Maces & Flails
  4649 | D:4      | Found a hide-covered altar of Uskayaw.
  4806 | D:5      | Entered Level 5 of the Dungeon
  4833 | D:5      | Reached XP level 8. HP: 46/46 MP: 11/15
  4861 | D:5      | Found a runed translucent gate.
  4861 | D:5      | Found a runed translucent gate.
  4862 | D:5      | Found a runed translucent gate.
  4865 | D:5      | Noticed zuik's ghost (novice MfGl)
  4867 | D:5      | Identified the +10 whip "Meask" {freeze, Dex+2}
  4867 | D:5      | Identified the +12 chain mail "Atwighech" {MR+ Int+4 Dex+4}
  4868 | D:5      | Found a roughly hewn altar of Beogh.
  5007 | D:5      | Reached skill level 7 in Earth Magic
  5050 | D:5      | Reached skill level 5 in Spellcasting
  5342 | D:5      | Reached skill level 1 in Staves
  5954 | D:3      | Learned a level 1 spell: Shock
  6051 | D:4      | Killed zuik's ghost
  6051 | D:4      | Reached skill level 1 in Conjurations
  6133 | D:5      | Reached skill level 1 in Evocations
  6267 | D:5      | HP: 1/48 [orc/the +10 whip "Meask" {freeze, Dex+2} (12)]
  6267 | D:5      | Slain by an orc

Skill      XL: |  1  2  3  4  5  6  7  8 |
---------------+-------------------------+-----
Earth Magic    | 4 5 6 7 |  7.6
Fighting       | 1 2 3 4 |  4.1
Dodging        | 2 3 |  3.5
Spellcasting   | 3 4 5 |  5.5
Maces & Flails | 1 |  1.5
Staves         | 1 |  1.7
Conjurations   | 1 |  1.2
Evocations     | 1 |  1.0
Stealth        | |  2.1
Transmutations | |  0.7

Action                   |  1- 3 |  4- 6 |  7- 9 || total
-------------------------+-------+-------+-------++-------
Melee: Unarmed           |    16 |       |       ||    16
       Dagger            |    22 |    68 |       ||    90
       Club              |    17 |       |       ||    17
       Flail             |       |    19 |   156 ||   175
       Quarterstaff      |       |       |    77 ||    77
 Cast: Sandblast         |    15 |    56 |    40 ||   111
       Petrify           |       |     3 |       ||     3
       Shock             |       |       |    16 ||    16
       Stone Arrow       |       |       |    12 ||    12
       Lee's Rapid Decon |       |       |     3 ||     3
  Use: Scroll            |       |       |     4 ||     4
 Stab: Petrified         |       |     9 |       ||     9
       Sleeping          |       |     1 |     6 ||     7
  Eat: Chunk             |     1 |     4 |     8 ||    13
       Ration            |       |     1 |     1 ||     2
Armor: Robe              |    18 |    35 |    33 ||    86
       Leather armour    |       |       |    96 ||    96
Dodge: Dodged            |    49 |    75 |   201 ||   325
